 Dungeon Crawl Stone Soup version 0.18-a0-1789-gbeff17f (webtiles) character file.

419 Kidiri the Magician (level 6, 0/34 HPs)
             Began as a Deep Elf Fire Elementalist on Apr 21, 2016.
             Slain by Xenophilius's ghost (12 damage)
             ... on level 4 of the Dungeon.
             The game lasted 00:18:33 (4623 turns).

Kidiri the Magician (Deep Elf Fire Elementalist)    Turns: 4623, Time: 00:18:33

Health: 0/34       AC:  5    Str:  5    XL:     6   Next: 62%
Magic:  3/15       EV: 14    Int: 20    God:
Gold:   155        SH:  0    Dex: 15    Spells: 5 memorised, 2 levels left

rFire  . . .     SeeInvis +     a - +0 short sword
rCold  . . .     Gourm    .     i - +0 robe
rNeg   . . .     Faith    .     (no shield)
rPois  .         Spirit   .     m - +0 helmet
rElec  .         Dismiss  .     (no cloak)
rCorr  .         Reflect  .     (no gloves)
SustAt .         Harm     .     (no boots)
MR     .....                    (no amulet)
Stlth  ++........               (no ring)
                                g - ring of see invisible

@: not resistant to hostile enchantments, unstealthy
A: yellow scales 1, dopey 1, sense surroundings 1
a: no special abilities


You were on level 4 of the Dungeon.
You were not hungry.

You visited 1 branch of the dungeon, and saw 4 of its levels.

You collected 155 gold pieces.

Inventory:

Hand Weapons
 a - a +0 short sword (weapon)
Armour
 b - a +0 leather armour
 i - a +0 robe (worn)
 m - a +0 helmet (worn)
Jewellery
 g - a ring of see invisible (left hand)
Scrolls
 h - 4 scrolls of identify
 l - a scroll of amnesia
 n - a scroll of teleportation
Potions
 e - a potion of might
 j - a potion of heal wounds
Books
 c - a book of Flames

   Spells                             Type                      Level
   a - Flame Tongue                   Conjuration/Fire             1
   b - Throw Flame                    Conjuration/Fire             2
   c - Conjure Flame                  Conjuration/Fire             3
   d - Inner Flame                    Hexes/Fire                   3
   e - Sticky Flame                   Conjuration/Fire             4
   f - Fireball                       Conjuration/Fire             5
Comestibles
 d - a beef jerky
 f - 3 bread rations
 k - 3 meat rations
 o - 2 chunks of flesh


   Skills:
 + Level 1.3 Fighting
 * Level 2.3 Armour
 + Level 4.0 Dodging
 - Level 2.4 Stealth
 * Level 5.2 Spellcasting
 + Level 2.7 Conjurations
 + Level 2.1 Hexes
 + Level 4.1 Fire Magic


You had 2 spell levels left.
You knew the following spells:

 Your Spells              Type           Power        Failure   Level  Hunger
a - Flame Tongue          Conj/Fire      ###..        2%          1    None
b - Throw Flame           Conj/Fire      ###...       4%          2    None
c - Conjure Flame         Conj/Fire      ###.....     10%         3    ##.....
d - Inner Flame           Hex/Fire       ###.....     12%         3    ##.....
e - Sticky Flame          Conj/Fire      ###.....     30%         4    ####...


Dungeon Overview and Level Annotations

Branches:
Dungeon (4/15)
 Temple: D:4-7

Altars:
Yredelemnul

Annotations:
D:4 Xenophilius's ghost, amateur TrMo


Innate Abilities, Weirdness & Mutations

You are partially covered in yellow scales (AC +2).
You are dopey. (Int -2)
You passively map a small area around you.


Message History

Xenophilius's ghost is moderately damaged.
Xenophilius's ghost barely misses you.
Casting: Flame Tongue
Confirm with . or Enter, or press ? or * to list all spells.
Aiming: Flame Tongue
Press: ? - help, Shift-Dir - straight line, f/p - Xenophilius's ghost
Aim: Xenophilius's ghost (moderately damaged)
The flame tongue hits Xenophilius's ghost.
Xenophilius's ghost appears unharmed.
Xenophilius's ghost is moderately damaged.
Xenophilius's ghost hits you!
Casting: Flame Tongue
Confirm with . or Enter, or press ? or * to list all spells.
Aiming: Flame Tongue
Press: ? - help, Shift-Dir - straight line, f/p - Xenophilius's ghost
Aim: Xenophilius's ghost (moderately damaged)
The flame tongue hits Xenophilius's ghost.
Xenophilius's ghost is heavily damaged.
Xenophilius's ghost hits you!
You die...

* ,,,... ... , , *
**..# #... *#.# #..S ,
#.###..#.. ,
#.##.....#* * ** , *
#########.†...#.. , ,
..........%#..#.# .#
#........#.##.# .#
#......#.@.##.#*#.#####
# #.....##.W..#.#
......# *
.###........######* #
#.####.###..##.#)<..# #
###......#
#.###.#..#....#


You could see Xenophilius's ghost.

Vanquished Creatures
  An ogre (D:4)
  A scorpion (D:4)
  An orc priest (D:3)
  Robin (D:2)
  7 gnolls
  8 adders
  An ooze (D:1)
  3 worms
  A dart slug (D:2)
  2 giant geckos
  2 orcs (D:3)
  4 giant cockroaches
  17 goblins
  9 hobgoblins
  A ball python (D:3)
  13 bats
  6 giant newts
  6 kobolds
  14 rats
98 creatures vanquished.

Notes
Turn   | Place    | Note
--------------------------------------------------------------
     0 | D:1      | Kidiri the Deep Elf Fire Elementalist began the quest for the Orb.
     0 | D:1      | Reached XP level 1. HP: 10/10 MP: 6/6
   418 | D:1      | Reached XP level 2. HP: 15/15 MP: 6/8
   422 | D:1      | Learned a level 2 spell: Throw Flame
   609 | D:1      | Reached skill level 1 in Armour
  1171 | D:2      | Found a basalt altar of Yredelemnul.
  1241 | D:2      | Reached XP level 3. HP: 19/19 MP: 8/10
  1246 | D:2      | Learned a level 3 spell: Conjure Flame
  1250 | D:2      | Learned a level 3 spell: Inner Flame
  1389 | D:2      | Gained mutation: You are dopey. (Int -2) [potion of mutation]
  1389 | D:2      | Gained mutation: You passively map a small area around you. [potion of mutation]
  1389 | D:2      | Gained mutation: You are partially covered in yellow scales (AC +2). [potion of mutation]
  2145 | D:2      | Reached XP level 4. HP: 23/24 MP: 1/11
  2257 | D:2      | Reached skill level 4 in Spellcasting
  2310 | D:2      | Reached skill level 1 in Hexes
  2513 | D:2      | Noticed Robin
  2660 | D:2      | Killed Robin
  3038 | D:2      | Reached skill level 1 in Fighting
  3337 | D:3      | Reached XP level 5. HP: 29/29 MP: 6/13
  3778 | D:2      | Learned a level 4 spell: Sticky Flame
  4373 | D:4      | Noticed Xenophilius's ghost (amateur TrMo)
  4395 | D:4      | Reached XP level 6. HP: 29/34 MP: 10/15
  4449 | D:4      | Reached skill level 5 in Spellcasting
  4623 | D:4      | Slain by Xenophilius's ghost

Vault maps used:
D:1:      dpeg_arrival_castle, hangedman_abyss_or_decor_stabs
D:2:      nicolae_overflow_crystal_walls, uniq_robin

Skill      XL: |  1  2  3  4  5  6 |
---------------+-------------------+-----
Armour         | 1 2 |  2.3
Dodging        | 3 4 |  4.0
Spellcasting   | 4 5 |  5.2
Hexes          | 1 2 |  2.1
Fighting       | 1 |  1.3
Conjurations   | 2 |  2.7
Fire Magic     | 4 |  4.1
Stealth        | |  2.4

Action                   |  1- 3 |  4- 6 || total
-------------------------+-------+-------++-------
Melee: Unarmed           |     1 |       ||     1
       Short sword       |     1 |    17 ||    18
 Cast: Flame Tongue      |    46 |   122 ||   168
       Throw Flame       |    15 |    23 ||    38
       Inner Flame       |     2 |       ||     2
       Conjure Flame     |     1 |     1 ||     2
       Sticky Flame      |       |     1 ||     1
  Use: Scroll            |     6 |     2 ||     8
       Potion            |     1 |       ||     1
 Stab: Sleeping          |     1 |       ||     1
  Eat: Chunk             |     2 |     6 ||     8
       Bread ration      |     1 |       ||     1
Armor: Robe              |     3 |    20 ||    23
       Leather armour    |     5 |       ||     5
Dodge: Dodged            |    29 |    58 ||    87
